 Dungeon Crawl Stone Soup version 0.28.0-45-g0d030f2227 (webtiles) character file.

Game seed: 202005121693524845

6811 NinjaNoafa the Protected (level 10, -5/96 HPs)
             Began as a Minotaur Fighter on Apr 12, 2022.
             Was a Priest of Trog.
             Slain by a troll (9 damage)
             ... on level 9 of the Dungeon.
             The game lasted 00:16:38 (8925 turns).

NinjaNoafa the Protected (Minotaur Fighter)         Turns: 8925, Time: 00:16:38

Health: -5/96      AC: 16    Str: 24    XL:     10   Next: 77%
Magic:  9/9        EV:  6    Int:  5    God:    Trog [***...]
Gold:   395        SH: 20    Dex: 11    Spells: 9/9 levels left

rFire   + . .      SeeInvis .   k - +6 mace of Wyowumol {speed, rPois}
rCold   . . .      Faith    .   b - +0 tower shield
rNeg    + . .      Spirit   .   C - +4 chain mail {rF+}
rPois   +          Reflect  .   (helmet restricted)
rElec   .          Harm     .   (no cloak)
rCorr   .          Rampage  .   (no gloves)
Will    .....                   (no boots)
Stlth   ..........              (no amulet)
HPRegen 0.26/turn               h - ring of poison resistance
MPRegen 0.11/turn               y - ring of positive energy

@: about to teleport, on berserk cooldown, slowed, very slow
A: horns 2, retaliatory headbutt, large bone plates 1, deterioration 1
a: Renounce Religion, Berserk, Trog's Hand


You were on level 9 of the Dungeon.
You worshipped Trog.
Trog was most pleased with you.
You visited 1 branch of the dungeon, and saw 9 of its levels.

You collected 440 gold pieces.
You spent 45 gold pieces at shops.

Inventory:

Hand Weapons
 a - a +2 whip of freezing
 k - the +6 mace of Wyowumol (weapon) {speed, rPois}
   (You found it on level 4 of the Dungeon)

   Attacks with this weapon are significantly faster.
   rPois:     It protects you from poison.
 s - a +2 vampiric dagger
 D - a +3 dagger of holy wrath
Missiles
 c - 5 silver javelins
 g - 364 stones
 j - 6 throwing nets
 u - 6 poisoned darts (quivered)
 w - 5 boomerangs
 z - 4 atropa-tipped darts
Armour
 b - a +0 tower shield (worn)
 x - a +0 plate armour
 C - a +4 chain mail of fire resistance (worn)
 H - +0 acid dragon scales
Magical Staves
 e - a staff of air
Jewellery
 h - a ring of poison resistance (left hand)
 v - a +6 ring of intelligence
 y - a ring of positive energy (right hand)
 E - a ring of magical power
Wands
 l - a wand of mindburst (2)
 t - a wand of flame (17)
 A - a wand of polymorph (5)
Scrolls
 d - a scroll of silence
 f - a scroll of amnesia {unknown}
 i - a scroll of magic mapping {unknown}
 m - a scroll of immolation
 n - a scroll of fear
 o - 2 scrolls of fog
 q - 2 scrolls of teleportation
 B - a scroll of identify
 F - a scroll of enchant weapon {unknown}
 G - a scroll of noise {unknown}
Potions
 p - a potion of curing
 r - 2 potions of resistance


   Skills:
 + Level 11.3 Fighting
 + Level 8.0 Maces & Flails
 + Level 11.3 Armour
 + Level 10.8 Shields


You had 9 spell levels left.
You didn't know any spells.
Your spell library contained the following spells:

 Spells                   Type           Power      Damage    Failure   Level
 Alistair's Intoxication  Tmut/Pois      0%         N/A       100%        5
 Borgnjor's Vile Clutch   Necr/Erth      0%         N/A       100%        5
 Eringya's Noxious Bog    Tmut/Pois      0%         N/A       100%        6


Dungeon Overview and Level Annotations

Branches:
Dungeon (9/15)             Temple (0/1) D:4
   Lair: D:8-11         Orc: D:9-12

Altars:
Kikubaaqudgha
Makhleb
Nemelex Xobeh
Qazlal
Sif Muna
Trog

Shops:
D:4 *


Innate Abilities, Weirdness & Mutations

You have a pair of horns on your head.
You reflexively headbutt those who attack you in melee.
You are partially covered in large bone plates. (SH +4)
Your body sometimes deteriorates upon taking damage.


Message History

The yak completely misses you.
A troll comes into view.
The orc wizard mumbles some strange words.
The orc wizard flickers and vanishes!
Deactivating autopickup; reactivate with Ctrl-A.
The yak gores you but does no damage.
You barely miss something. You block the troll's attack. The troll claws you.
You block the troll's attack. Something hits you. You block the yak's attack.
The troll bites you. You block the troll's attack. x2
You hit the troll.
The troll is lightly wounded.
Something hits you but does no damage. The yak gores you!
You block the troll's attack. The troll claws you.
You block the troll's attack. Something hits you.
You sock the troll!
The troll is heavily wounded.
You block the yak's attack. You block the troll's attack. The troll claws you!
The troll claws you. Something hits you but does no damage. The yak gores you!
The troll bites you but does no damage. The troll claws you!
The troll completely misses you.
You closely miss something. Your headbutt misses something.
You block something's attack. You block the yak's attack. The troll bites you.
* * * LOW HITPOINT WARNING * * *
The troll claws you.
* * * LOW HITPOINT WARNING * * *
The troll claws you but does no damage.
You feel better. Something hits you but does no damage.
The yak gores you but does no damage. You block the troll's attack.
The troll claws you!
* * * LOW HITPOINT WARNING * * *
The troll closely misses you. Something hits you but does no damage.
You block the yak's attack. The troll bites you!
* * * LOW HITPOINT WARNING * * *
The troll claws you but does no damage. The troll barely misses you.
As you read the scroll of teleportation, it crumbles to dust.
You feel strangely unstable. Something hits you but does no damage.
The yak gores you!
* * * LOW HITPOINT WARNING * * *
You block the troll's attack. x2; The troll claws you!
You die...

.#####.....##....#
#.######.#..####
####.#####.###....##
#.........# #.....#
#.##.###.## #.....#
###.##.# ## #.....#
....##.# ##†...##
######.# #T{#.## ##
#.# #.#@#.# .#####.#
...#Y#.# .......#
#.## #.#.# .#######
# #.# ## #.# # #.. #
### # #


You could see a yak and a troll.

Vanquished Creatures
  Harold (D:8)
  A two-headed ogre (D:8)
  Pikel (D:4)
  Maggie (D:8)
  The ghost of terff the Chopper, an amateur HOMo (D:4)
  Sigmund (D:2)
  4 yaks (D:9)
  A wyvern (D:9)
  2 steam dragons
  2 water moccasins (D:7)
  2 ice beasts
  2 sky beasts
  4 orc warriors
  A black bear (D:6)
  4 ogres
  3 centaurs
  2 phantoms
  2 kobold brigands
  3 bullfrogs
  2 scorpions
  2 wyvern zombies
  A water moccasin zombie (D:5)
  5 killer bees (D:4)
  6 howler monkeys
  2 bullfrog zombies
  2 hounds
  4 orc priests
  3 jellies
  A bullfrog skeleton (D:7)
  A gnoll shaman (D:8)
  A centaur skeleton (D:4)
  Ijyb (D:3)
  2 iguanas
  4 orc wizards
  2 hound skeletons
  A howler monkey zombie (D:5)
  7 gnolls
  6 adders
  A shadow imp (D:7)
  2 adder skeletons
  3 worms
  3 dart slugs
  20 orcs
  5 ball pythons
  5 bats
  4 endoplasms
  3 giant cockroaches
  5 goblins
  3 hobgoblins
  5 quokkas
  3 frilled lizards
  9 kobolds
  2 rats
164 creatures vanquished.

Vanquished Creatures (others)
  7 plants
7 creatures vanquished.

Grand Total: 171 creatures vanquished

Notes
Turn   | Place    | Note
-------+----------+-------------------------------------------
     0 | D:1      | NinjaNoafa the Minotaur Fighter began the quest for the
                  | Orb.
     0 | D:1      | Reached XP level 1. HP: 19/19 MP: 0/0
    99 | D:1      | Reached XP level 2. HP: 27/27 MP: 1/1
   959 | D:2      | Noticed Sigmund
   965 | D:2      | Killed Sigmund
   966 | D:2      | Reached skill level 5 in Fighting
   966 | D:2      | Reached skill level 5 in Armour
   966 | D:2      | Reached XP level 3. HP: 36/36 MP: 2/2
   966 | D:2      | Reached XP level 4. HP: 42/42 MP: 3/3
   966 | D:2      | Reached XP level 5. HP: 48/48 MP: 4/4
  1727 | D:3      | Noticed Ijyb
  1745 | D:3      | Killed Ijyb
  2045 | D:3      | Found a stormy altar of Qazlal.
  2094 | D:3      | Gained mutation: You are frail. (-10% HP) [potion of
                  | mutation]
  2094 | D:3      | Gained mutation: You are agile. (Dex +2) [potion of
                  | mutation]
  2094 | D:3      | Lost mutation: You are agile. (Dex +2) [potion of mutation]
  2094 | D:3      | Gained mutation: You have very sharp teeth. [potion of
                  | mutation]
  2095 | D:3      | Lost mutation: You are frail. (-10% HP) [potion of
                  | mutation]
  2095 | D:3      | Lost mutation: You have very sharp teeth. [potion of
                  | mutation]
  2095 | D:3      | Gained mutation: Your body sometimes deteriorates upon
                  | taking damage. [potion of mutation]
  2095 | D:3      | Gained mutation: You are partially covered in large bone
                  | plates. (SH +4) [potion of mutation]
  2241 | D:4      | Reached XP level 6. HP: 18/57 MP: 5/5
  2267 | D:4      | Reached skill level 5 in Shields
  2601 | D:3      | Found a faded altar of an unknown god.
  2786 | D:4      | Found a bloodstained altar of Trog.
  2795 | D:4      | Became a worshipper of Trog the Wrathful
  2847 | D:4      | Noticed Pikel
  2873 | D:4      | Killed Pikel
  2874 | D:4      | Reached XP level 7. HP: 31/66 MP: 6/6
  3031 | D:4      | Found Plog's Mass Market.
  3146 | D:4      | Bought a +0 tower shield for 45 gold pieces
  3168 | D:4      | Identified the +6 mace of Wyowumol {speed, rPois}
  3203 | D:4      | Found a runed translucent gate.
  3203 | D:4      | Found a runed translucent gate.
  3203 | D:4      | Found a runed translucent gate.
  3221 | D:4      | Noticed terff's ghost (amateur HOMo)
  3277 | D:4      | Reached XP level 8. HP: 73/73 MP: 7/7
  3368 | D:4      | You fall into a shaft and drop 1 floor!
  3368 | D:5      | Entered Level 5 of the Dungeon
  3781 | D:4      | Found an ancient bone altar of Kikubaaqudgha.
  3785 | D:4      | Found a sparkling altar of Nemelex Xobeh.
  3786 | D:4      | Found a burning altar of Makhleb.
  3846 | D:4      | Found a staircase to the Ecumenical Temple.
  3917 | D:4      | Killed terff's ghost
  4133 | D:5      | Reached * piety under Trog
  5151 | D:6      | Reached XP level 9. HP: 72/82 MP: 8/8
  5663 | D:6      | Reached skill level 5 in Maces & Flails
  6184 | D:7      | Reached ** piety under Trog
  6251 | D:7      | Reached skill level 10 in Fighting
  6251 | D:7      | Reached skill level 10 in Armour
  7068 | D:7      | Found a shimmering blue altar of Sif Muna.
  7569 | D:8      | Reached XP level 10. HP: 93/93 MP: 9/9
  7634 | D:8      | Noticed a two-headed ogre
  7640 | D:8      | Killed a two-headed ogre
  7710 | D:8      | Noticed Harold
  7740 | D:8      | Killed Harold
  7741 | D:8      | Reached skill level 10 in Shields
  8314 | D:8      | Noticed Maggie
  8329 | D:8      | Killed Maggie
  8382 | D:8      | Reached *** piety under Trog
  8925 | D:9      | HP: 4/96 [yak (10)]
  8925 | D:9      | Slain by a troll

Illustrated notes

Levels and vault maps discovered:
D:1:      kennysheep_arrival_forest, layout_loops_ring, serial_forest,
          infiniplex_forest_side_room, infiniplex_forest_lined_3_way,
          infiniplex_forest_diagonal, infiniplex_forest_clump_curved,
          infiniplex_forest_clump_small, infiniplex_forest_clump_medium,
          minmay_misc_feat_rows, serial_bayou_pond_c,
          nicolae_concentric_dashed_squares_mild
D:2:      layout_loops_ring, nrook_mini_vaults, uniq_sigmund
D:3:      layout_basic, grunt_qazlal_clouds, shapermc_ecumenical_altar_pompeii,
          uniq_ijyb
D:4:      layout_loops_ring, minitemple, trog_butcher_becter,
          minmay_temple_entry_fiery, gammafunk_ghost_necromancy,
          roderic_lattice_a, minmay_shop_mass, uniq_pikel
D:5:      layout_loops_corners, st_stairs_10, lexackson_kobold_supper
D:6:      layout_basic, st_stairs_1
D:7:      layout_basic, nicolae_sif_muna_condensation
D:8:      layout_gridville, minmay_liquid_box, uniq_harold, uniq_maggie
D:9:      layout_loops_ring, david_orc_3

Skill      XL: |  1  2  3  4  5  6  7  8  9 10 |
---------------+-------------------------------+-----
Maces & Flails | 3 4 6 8 |  8.0
Armour         | 5 7 8 10 11 | 11.3
Fighting       | 5 7 8 10 11 | 11.3
Shields        | 4 6 8 9 10 | 10.8

Action                   |  1- 3 |  4- 6 |  7- 9 | 10-12 || total
-------------------------+-------+-------+-------+-------++-------
Melee: Flail             |    28 |       |       |       ||    28
       Headbutt          |     4 |    19 |    43 |    30 ||    96
       Dagger            |    13 |   109 |       |       ||   122
       Mace              |       |       |   295 |   124 ||   419
       Whip              |       |       |     5 |       ||     5
Throw: Dart              |       |       |     1 |       ||     1
       Boomerang         |       |       |     1 |       ||     1
Invok: Berserk           |       |       |       |     1 ||     1
Evoke: Wand              |       |     2 |       |       ||     2
  Use: Potion            |     1 |     4 |     5 |     3 ||    13
       Scroll            |       |     3 |     6 |     1 ||    10
Armor: Scale mail        |    15 |       |       |       ||    15
       Chain mail        |     3 |    55 |   109 |    34 ||   201
       Plate armour      |       |       |     8 |     8 ||    16
Dodge: Dodged            |    21 |    24 |    54 |    14 ||   113
Block: Buckler           |     9 |    41 |       |       ||    50
       Tower shield      |       |       |   331 |   129 ||   460
